 Dungeon Crawl Stone Soup version 0.28.0 (webtiles) character file.

Game seed: 11247113144715827178

508 krispywithak the Spear-Bearer (level 7, 0/46 HPs)
             Began as a Merfolk Gladiator on Feb 4, 2022.
             Was an Initiate of the Shining One.
             Slain by an adder (4 damage)
             ... on level 6 of the Dungeon.
             The game lasted 00:17:16 (7311 turns).

krispywithak the Spear-Bearer (Merfolk Gladiator)   Turns: 7311, Time: 00:17:17

Health: 0/46       AC: 10    Str: 22    XL:     7   Next: 18%
Magic:  7/7        EV:  9    Int:  8    God:    the Shining One [......]
Gold:   520        SH:  0    Dex: 21    Spells: 6/6 levels left

rFire   + . .      SeeInvis .   a - +1 trident
rCold   . . .      Faith    .   (no shield)
rNeg    . . .      Spirit   .   r - +1 chain mail {rF+}
rPois   .          Reflect  .   c - +0 helmet
rElec   .          Harm     .   (no cloak)
rCorr   .          Rampage  .   (no gloves)
Will    .....                   (no boots)
Stlth   ..........              w - amulet of regeneration
HPRegen 0.95/turn               g - +6 ring of dexterity
MPRegen 0.10/turn               i - +6 ring of strength

@: glowing
A: reduced essence, (nimble swimmer 2), mertail
a: Renounce Religion


You were on level 6 of the Dungeon.
You worshipped the Shining One.
The Shining One was noncommittal.
You visited 2 branches of the dungeon, and saw 7 of its levels.

You collected 520 gold pieces.

Inventory:

Hand Weapons
 a - a +1 trident (weapon)
Missiles
 d - 2 throwing nets
 h - 58 arrows
 j - 4 poisoned darts
 p - 18 sling bullets
 t - 72 stones
 u - 4 boomerangs (quivered)
Armour
 b - a +0 leather armour
 c - a +0 helmet (worn)
 k - a +0 ring mail
 q - the +1 leather armour of Wasted Space {Fly rPois Regen+ Int-4}
   (You found it on level 3 of the Dungeon)

   Int:       It affects your intelligence (-4).
   rPois:     It protects you from poison.
   Fly:       It grants you flight.
   Regen:     It increases your rate of health regeneration.
 r - a +1 chain mail of fire resistance (worn)
Jewellery
 g - a +6 ring of dexterity (left hand)
 i - a +6 ring of strength (right hand)
 w - an amulet of regeneration (around neck)
Scrolls
 e - 4 scrolls of identify
 f - 3 scrolls of enchant weapon
 l - a scroll of teleportation
 n - 2 scrolls of vulnerability
 v - a scroll of enchant armour {unknown}
Potions
 m - 2 potions of invisibility {unknown}
 o - 4 potions of curing {unknown}
 s - a potion of degeneration {unknown}
 x - a potion of might {unknown}


   Skills:
 + Level 3.5(1.7) Fighting
 + Level 8.8(4.8) Polearms
 + Level 2.2(1.1) Throwing
 + Level 2.2(1.1) Armour
 + Level 4.7(2.3) Dodging
 + Level 0.1(0.0) Stealth
 + Level 1.1(0.5) Shields


You had 6 spell levels left.
You didn't know any spells.
Your spell library contained the following spells:

 Spells                   Type           Power      Damage    Failure   Level
 Freeze                   Ice            0%         1d3       99%         1
 Sting                    Tmut/Pois      0%         1d3       99%         1
 Poisonous Vapours        Pois/Air       0%         N/A       99%         2
 Conjure Flame            Conj/Fire      0%         6-21      100%        3
 Frozen Ramparts          Ice            0%         1d2       100%        3
 Ignite Poison            Fire/Tmut/Pois 0%         N/A       100%        3
 Hailstorm                Conj/Ice       0%         3d3       100%        4
 Olgreb's Toxic Radiance  Pois           0%         N/A       100%        4
 Sticky Flame             Conj/Fire      0%         2d3       100%        4


Dungeon Overview and Level Annotations

Branches:
Dungeon (6/15)             Temple (1/1) D:5

Altars:
Ashenzari
Cheibriados
Dithmenos
Elyvilon
Fedhas
Gozag
Hepliaklqana
Kikubaaqudgha
Makhleb
Nemelex Xobeh
Okawaru
Qazlal
Ru
Sif Muna
Trog
Uskayaw
Vehumet
Wu Jian
Xom
Yredelemnul
Zin
The Shining One

Shops:
D:2 [   D:6 :

Annotations:
D:5 2 transporters


Innate Abilities, Weirdness & Mutations

Your life essence is reduced to manifest your ancestor. (-10% HP)
((You are very nimble when in or above water. (Stealth+, EV+, Speed+++)))
Your lower body shifts to a powerful aquatic tail in water.


Message History

The adder barely misses you.
You hit the white imp.
The white imp is moderately wounded.
The adder bites you but does no damage. The white imp barely misses you.
You hit the white imp.
The white imp is heavily wounded.
The adder bites you.
You are poisoned.
The adder poisons you! The white imp hits you.
* * * LOW HITPOINT WARNING * * *
The white imp freezes you.
* * * LOW HITPOINT WARNING * * *
You puncture the white imp!
You kill the white imp!
The Shining One accepts your kill.
You feel sick. The adder barely misses you. The adder bites you.
* * * LOW HITPOINT WARNING * * *
You feel sick. The adder bites you but does no damage.
You feel sick. The adder barely misses you.
You feel sick.
You are no longer poisoned.
The adder bites you.
* * * LOW HITPOINT WARNING * * *
The adder barely misses you.
You barely miss the adder. The adder bites you.
* * * LOW HITPOINT WARNING * * *
You closely miss the adder. The adder barely misses you.
Unknown command.
You miss the adder. The adder completely misses you. The adder bites you.
* * * LOW HITPOINT WARNING * * *
You barely miss the adder. You punch the adder.
The adder is moderately wounded.
The adder bites you but does no damage.
You hit the adder.
The adder is almost dead.
The adder barely misses you.
You closely miss the adder.
The adder is almost dead.
The adder barely misses you. The adder bites you.
You die...

#.#..# #.#..# .
#### #.#..#.#
#... #.#..#.###
##...##.#.......
........#....###
.......∩<....?..
.......†........
#......@S....###
##...##......#
##.# #......# #.
##$..#.# #
##..#.# ..# .
... .###


You could see an adder.

Vanquished Creatures
  2 necrophages
  2 ogres
  A scorpion (D:6)
  A water moccasin zombie (D:5)
  A howler monkey (D:4)
  4 hounds
  A jelly (D:4)
  An iguana (D:4)
  2 hound skeletons (D:4)
  A howler monkey skeleton (D:4)
  A gnoll (D:1)
  5 adders
  A white imp (D:6)
  2 ufetubi
  2 adder skeletons (D:4)
  A worm (D:4)
  2 dart slugs
  7 orcs
  3 bats
  6 endoplasms
  4 giant cockroaches
  6 goblins
  2 hobgoblins
  2 jackals (D:2)
  2 quokkas
  11 ball pythons
  A frilled lizard (D:2)
  7 kobolds
  A rat (D:2)
82 creatures vanquished.

Notes
Turn   | Place    | Note
-------+----------+-------------------------------------------
     0 | D:1      | krispywithak the Merfolk Gladiator began the quest for the
                  | Orb.
     0 | D:1      | Reached XP level 1. HP: 16/16 MP: 1/1
   165 | D:1      | Found a faded altar of an unknown god.
   215 | D:1      | Prayed at the altar of an unknown god.
   215 | D:1      | Became a worshipper of the Shining One
   215 | D:1      | Reached * piety under the Shining One
   335 | D:1      | Reached XP level 2. HP: 21/22 MP: 2/2
   401 | D:1      | Reached skill level 5 in Polearms
  1664 | D:2      | Reached XP level 3. HP: 27/27 MP: 3/3
  1880 | D:2      | Found Tonist's Antique Armour Shop.
  3059 | D:3      | Identified the +1 leather armour of Wasted Space {Fly rPois
                  | Regen+ Int-4}
  3260 | D:3      | Reached skill level 1 in Shields
  3260 | D:3      | Reached XP level 4. HP: 24/34 MP: 4/4
  4300 | D:4      | Reached skill level 6 in Polearms
  4302 | D:4      | Noticed an ogre
  4311 | D:4      | Killed an ogre
  4312 | D:4      | Reached skill level 1 in Armour
  4312 | D:4      | Reached XP level 5. HP: 28/39 MP: 5/5
  4928 | D:4      | Found a shimmering altar of Xom.
  5004 | D:4      | Reached skill level 7 in Polearms
  5007 | D:4      | Reached XP level 6. HP: 33/47 MP: 6/6
  5083 | D:4      | Reached ** piety under the Shining One
  5084 | D:4      | Noticed a necrophage
  5100 | D:4      | Killed a necrophage
  5101 | D:4      | Reached skill level 8 in Polearms
  5154 | D:4      | Reached XP level 7. HP: 52/52 MP: 7/7
  5979 | D:5      | Entered Level 5 of the Dungeon
  5979 | D:5      | Found a transporter.
  6000 | D:5      | Found a transporter.
  6039 | D:5      | Found a staircase to the Ecumenical Temple.
  6055 | Temple   | Entered the Ecumenical Temple
  6074 | Temple   | Fell from the grace of the Shining One
  6074 | Temple   | Became a worshipper of Ashenzari the Shackled
  6149 | Temple   | Fell from the grace of Ashenzari
  6149 | Temple   | Became a worshipper of Hepliaklqana the Forgotten
  6219 | Temple   | Fell from the grace of Hepliaklqana
  6219 | Temple   | Became a worshipper of the Shining One
  7272 | D:6      | Found Xycuaqar's Book Boutique.
  7305 | D:6      | HP: 2/46 [adder (3)]
  7311 | D:6      | Slain by an adder

Illustrated notes

Levels and vault maps discovered:
D:1:      minmay_arrival_four_houses, layout_loops_cross,
          nicolae_ecumenical_lake_church
D:2:      kennysheep_big_flooded_room, layout_loops_ring, serial_shops, shop,
          minmay_misc_feat_more_columns, minmay_misc_feat_columns
D:3:      layout_basic
D:4:      minmay_polygon_palace, layout_basic,
          mainiacjoe_overflow_small_starburst
D:5:      gammafunk_steamed_eel, layout_cave_pools, minmay_temple_entry_arrows
D:6:      layout_loops_ring, serial_shops, shop
Temple:   minmay_crystal_snake_temple

Skill      XL: |  1  2  3  4  5  6 |
---------------+-------------------+-----
Polearms       | 5 6 7 8 |  8.8
Shields        | 1 |  1.1
Armour         | 1 2 |  2.2
Fighting       | 3 |  3.5
Throwing       | |  2.2
Dodging        | |  4.7
Stealth        | |  0.1

Action                   |  1- 3 |  4- 6 |  7- 9 || total
-------------------------+-------+-------+-------++-------
Melee: Trident           |    68 |    90 |   112 ||   270
       Punch             |     1 |     1 |     4 ||     6
Throw: Throwing net      |     4 |       |       ||     4
       Boomerang         |       |       |     1 ||     1
Invok: Divine Shield     |     1 |       |       ||     1
  Use: Scroll            |       |     4 |     1 ||     5
Armor: Leather armour    |     5 |       |       ||     5
       Ring mail         |    40 |       |       ||    40
       Chain mail        |     4 |    38 |    90 ||   132
Dodge: Dodged            |    70 |    51 |   104 ||   225
Block: Other             |     6 |       |       ||     6
